 Dungeon Crawl Stone Soup version 0.32-a0-859-gb0a091d592 (webtiles) character file.

Game seed: 8614852195909247198

13627 senseless the Grappler (level 11, -1/111 HPs)
             Began as a Troll Shapeshifter on Mar 27, 2024.
             Was an Elder of Ru.
             Shot with an arrow by Nessos (4 damage)
             ... on level 12 of the Dungeon.
             The game lasted 00:30:49 (9367 turns).

senseless the Grappler (Troll Shapeshifter)         Turns: 9367, Time: 00:30:49

Health: -1/111     AC: 13    Str: 28    XL:     11   Next: 78%
Magic:  10/10      EV: 10    Int:  6    God:    Ru [****..]
Gold:   706        SH:  0    Dex:  9    Spells: 10/10 levels left

rFire   . .          .
                       - Unarmed
rCold   . . .        (no shield)
rNeg    . . .        J - +1 acid dragon scales
rPois   .            (helmet currently unavailable)
rElec   .            (cloak currently unavailable)
rCorr   +            (gloves unavailable)
SInv    .            (boots unavailable)
Will    +....        j - amulet of regeneration Stlth
                     u - ring of willpower
HPRegen 1.98/turn    a - +4 ring of protection
MPRegen 0.12/turn

%: no passive effects
@: lethally poisoned (-1 -> -6), beast-form
A: beast (slay +4), large, unfitting armour, claws 3, regeneration 1, shaggy fur
1, tough skin 1, no stealth, inability to use devices, inability to train armour
a: Begin Untransformation, Renounce Religion, Draw Out Power, Power Leap


You were on level 12 of the Dungeon.
You worshipped Ru.
Ru was greatly pleased with you.
You were a hulking beast.
You visited 1 branch of the dungeon, and saw 12 of its levels.
You also visited: Bailey.

You collected 706 gold pieces.

Inventory:

Hand Weapons
 k - a +3 spectral dagger
Missiles
 n - 4 atropa-tipped darts
 A - 6 curare-tipped darts
 B - 21 boomerangs (quivered)
 C - 55 poisoned darts
 I - 6 datura-tipped darts
 N - 4 silver javelins
Armour
 r - a +2 robe
 v - a +1 robe of cold resistance
 J - +1 acid dragon scales (worn)
 L - a scarf of shadows
Jewellery
 a - a +4 ring of protection (right claw)
 e - a ring of magical power
 g - a ring of protection from fire
 j - an amulet of regeneration (around neck)
 u - a ring of willpower (left claw)
 y - a ring of flight
 E - an amulet of the acrobat
 K - a ring of willpower
 M - a ring of protection from fire
Talismans
 c - a beast talisman (active)
 d - a flux talisman
 x - a blade talisman
 H - a serpent talisman
Scrolls
 l - 4 scrolls of teleportation
 z - 2 scrolls of enchant weapon
 F - a scroll of poison
 G - 3 scrolls of identify
Potions
 b - a potion of lignification
 f - 5 potions of enlightenment
 h - a potion of magic
 i - 4 potions of brilliance
 m - 3 potions of attraction
 o - 2 potions of resistance
 p - 5 potions of curing
 q - 2 potions of ambrosia
 s - 6 potions of heal wounds
 w - 2 potions of mutation
 O - a potion of might
Miscellaneous
 t - a condenser vane


   Skills:
 + Level 7.9 Fighting
 + Level 2.8 Throwing
 + Level 8.0 Dodging
 + Level 9.8 Unarmed Combat
 * Level 9.7 Shapeshifting


You had 10 spell levels left.
You didn't know any spells.
Your spell library contained the following spells:

 Spells                   Type           Power      Damage    Failure   Level
 Kiss of Death            Conj/Necr      0%         2d5       52%         1
 Slow                     Hex            0%         N/A       52%         1
 Confusing Touch          Hex            0%         N/A       88%         3
 Vampiric Draining        Necr           0%         2d6       88%         3
 Dispel Undead            Necr           0%         3d6       99%         4
 Leda's Liquefaction      Alch/Erth      0%         N/A       99%         4
 Petrify                  Alch/Erth      0%         N/A       99%         4
 Metabolic Englaciation   Hex/Ice        0%         N/A       100%        5


Dungeon Overview and Level Annotations

Branches:
Dungeon (12/15)            Temple (0/1) D:5            Lair (0/5) D:11
    Orc (0/2) D:10         Bailey (visited)

Altars:
Ashenzari
Cheibriados
Dithmenos
Elyvilon
Ru
Uskayaw
The Shining One

Shops:
D:4 :   D:8 *   D:12 (

Annotations:
D:12 Nessos


Innate Abilities, Weirdness & Mutations

You are a hulking beast.
Your limbs bulge with bestial killing power. (Slay +4)
You are too large for most types of armour.
You have claws for hands.
Your natural rate of healing is unusually fast.
You are covered in fur. (AC +1)
You have tough skin. (AC +1)
You cannot be stealthy.
You cannot study or use magical devices.
You cannot train Armour skill.


Message History

You closely miss Nessos.
Nessos is moderately wounded.
You feel very sick. Nessos hits you but does no damage.
Nessos kicks you but does no damage.
Nessos stands on their hind legs for a moment.
Nessos casts a spell.
Nessos blinks!
You feel sick.
Nessos wields a +3 longbow of flaming.
It bursts into flame!
Nessos shoots an arrow.
The arrow hits you! The arrow burns you.
You are more poisoned.
Nessos begins to cast a spell, but is stunned by your conviction!
You feel very sick.
Nessos gestures wildly while chanting.
Nessos blinks!
You feel very sick.
Nessos shoots an arrow.
The arrow hits you!
* * * LOW HITPOINT WARNING * * *
The arrow burns you.
You are lethally poisoned!
* * * LOW HITPOINT WARNING * * *
You focus your inner power and blind Nessos in retribution!
Nessos shoots an arrow.
The arrow barely misses you.
You feel better.
Nessos shoots an arrow.
The arrow hits you!
* * * LOW HITPOINT WARNING * * *
The arrow burns you.
* * * LOW HITPOINT WARNING * * *
Nessos shoots an arrow.
The arrow barely misses you.
Nessos shoots an arrow.
The arrow barely misses you.
Nessos shoots an arrow.
The arrow hits you!
* * * LOW HITPOINT WARNING * * *
The arrow burns you.
You are lethally poisoned!
* * * LOW HITPOINT WARNING * * *
You focus your inner power and blind Nessos in retribution!
You feel better.
Nessos shoots an arrow.
The arrow hits you!
* * * LOW HITPOINT WARNING * * *
The arrow burns you.
You are lethally poisoned!
You die...
Ru respects your ultimate sacrifice.

.# #...(.###### .#
#.....# .+ #.....# .#
###'### ## # #..# #.
##.# #: #####.###
####.#########.......#
#$......##h..........#
#..........###.......###
#...c...####
#........... #.......#
#.......#### #.......#
#.......# #########
#########


You could see Nessos (fast, blind, unable to see you).

Vanquished Creatures
  A two-headed ogre (D:11)
  Urug (D:11)
  An orc knight (Bailey)
  2 manticores
  A cyclops (D:12)
  A gargoyle (D:11)
  A kobold demonologist (D:10)
  A komodo dragon (D:11)
  Sigmund (D:3)
  2 shadows
  2 vampires
  24 yaks
  A wraith (D:10)
  3 wyverns
  An acid dragon (D:8)
  2 water moccasins
  14 orc warriors
  3 ice beasts
  2 sky beasts (D:7)
  A centaur (D:10)
  9 kobold brigands
  7 bullfrogs
  2 gnoll sergeants
  3 scorpions
  3 wights (D:7)
  14 killer bees (D:9)
  A howler monkey (D:7)
  2 jellies (D:7)
  7 hounds
  4 orc priests
  A sleepcap (D:5)
  3 iguanas (D:5)
  7 orc wizards
  16 gnolls
  7 adders
  A shadow imp (D:6)
  A white imp (D:5)
  2 ufetubi (D:6)
  3 dart slugs
  A ribbon worm (D:2)
  31 orcs
  8 ball pythons
  8 endoplasms
  3 giant cockroaches (D:1)
  12 goblins
  6 hobgoblins
  6 quokkas
  6 bats
  2 frilled lizards
  44 kobolds
  5 rats
290 creatures vanquished.

Vanquished Creatures (others)
  A killer bee (D:9)
  A giant cockroach (D:2)
  2 goblins
4 creatures vanquished.

Grand Total: 294 creatures vanquished

Notes
Turn   | Place    | Note
-------+----------+-------------------------------------------
     0 | D:1      | senseless the Troll Shapeshifter began the quest for the
                  | Orb.
     0 | D:1      | Reached XP level 1. HP: 18/18 MP: 0/0
    41 | D:1      | Found a faded altar of an unknown god.
    80 | D:1      | Prayed at the altar of an unknown god.
    80 | D:1      | Became a worshipper of Ru the Awakened
    91 | D:1      | Gained mutation: You cannot train Armour skill. [Ru
                  | sacrifice]
    91 | D:1      | Reached * piety under Ru
   100 | D:1      | Reached skill level 1 in Fighting
   129 | D:1      | Reached XP level 2. HP: 27/27 MP: 1/1
   592 | D:1      | Reached XP level 3. HP: 33/33 MP: 2/2
   757 | D:2      | Reached XP level 4. HP: 42/42 MP: 3/3
  1678 | D:3      | Noticed Sigmund
  1728 | D:3      | Killed Sigmund
  1729 | D:3      | Reached XP level 5. HP: 41/50 MP: 4/4
  1729 | D:3      | Reached XP level 6. HP: 48/59 MP: 5/5
  1868 | D:3      | Found a broken altar of Ashenzari.
  2315 | D:4      | Found Icic's Self-Improvement Boutique.
  2490 | D:5      | Entered Level 5 of the Dungeon
  2646 | D:5      | Reached XP level 7. HP: 46/67 MP: 6/6
  2726 | D:5      | Found a staircase to the Ecumenical Temple.
  2735 | D:5      | Reached skill level 5 in Unarmed Combat
  3142 | D:5      | Reached skill level 5 in Shapeshifting
  3472 | D:6      | Reached XP level 8. HP: 78/78 MP: 7/7
  3498 | D:6      | Found the +1 Delatra's gloves {ID++}
  3831 | D:6      | Found Omets's Assorted Antiques.
  4294 | D:7      | Reached skill level 5 in Dodging
  4345 | D:7      | Reached XP level 9. HP: 61/87 MP: 8/8
  4353 | D:7      | Reached skill level 5 in Fighting
  4650 | D:7      | Gained mutation: You cannot be stealthy. [Ru sacrifice]
  4650 | D:7      | Reached ** piety under Ru
  4693 | D:7      | Found a snail-covered altar of Cheibriados.
  5122 | D:8      | Found a sacrificial altar of Ru.
  5164 | D:8      | Noticed a +0 spear
  5164 | D:8      | Noticed a +0 dagger
  5164 | D:8      | Noticed a +0 short sword
  5164 | D:8      | Noticed a +0 falchion
  5165 | D:8      | Noticed a +0 falchion
  5165 | D:8      | Noticed a +0 dagger
  5165 | D:8      | Noticed a +0 spear
  5165 | D:8      | Noticed a +0 short sword
  5175 | D:8      | Found a hide-covered altar of Uskayaw.
  5218 | D:8      | Found Engitam's Overcharged Wands.
  5282 | D:8      | Reached XP level 10. HP: 77/98 MP: 9/9
  5366 | D:8      | Found a white marble altar of Elyvilon.
  7093 | D:10     | Entered Level 10 of the Dungeon
  7100 | D:10     | Gained mutation: You cannot study or use magical devices.
                  | [Ru sacrifice]
  7100 | D:10     | Reached *** piety under Ru
  7100 | D:10     | Reached **** piety under Ru
  7207 | D:10     | Found a flagged portal.
  7221 | Bailey   | Entered a bailey
  7294 | Bailey   | Noticed an orc knight
  7303 | Bailey   | Killed an orc knight
  7304 | Bailey   | Reached XP level 11. HP: 57/109 MP: 10/10
  7641 | D:10     | Found a staircase to the Orcish Mines.
  7769 | D:10     | Found a glowing golden altar of the Shining One.
  7770 | D:10     | Found a shadowy altar of Dithmenos.
  7961 | D:10     | Reached skill level 1 in Throwing
  8662 | D:11     | Found a staircase to the Lair.
  9021 | D:11     | Noticed Urug
  9021 | D:11     | Noticed a two-headed ogre
  9038 | D:11     | Killed Urug
  9045 | D:11     | Killed a two-headed ogre
  9293 | D:12     | Found Firchom's Antique Weapon Shoppe.
  9351 | D:12     | Noticed Nessos
  9366 | D:12     | HP: 4/111 [Nessos/arrow (2)]
  9367 | D:12     | Shot with an arrow by Nessos

Illustrated notes

Levels and vault maps discovered:
D:1:      nzn_arrival_settlement, layout_basic,
          shapermc_ecumenical_altar_flowoftime, minmay_quantized
D:2:      layout_rooms, st_stairs_4, minmay_fountain_box
D:3:      layout_basic, overflow_temple_1_default, guppyfry_early_orc_mine,
          uniq_sigmund
D:4:      layout_rooms, nicolae_shop_self_help
D:5:      layout_basic, minmay_temple_entry_slanted
D:6:      minmay_cornered_nines, layout_loops_ring, serial_shops, shop
D:7:      layout_basic, cheibriados_altar_1, minivault_26, minmay_crossroads
D:8:      layout_basic, mainiacjoe_overflow_surrounded_room,
          lemuel_doored_altar, nicolae_uskayaw_en_pointe,
          nicolae_shop_overcharged_wands
D:9:      layout_basic, chequers_serial_rivers_micro_b
D:10:     layout_gridville, mainiacjoe_overflow_big_doors, orc_0_dummy,
          enter_bailey_3, kennysheep_generic_room_10
D:11:     layout_stronghold, david_lair_shrubbed, uniq_urug
D:12:     layout_roguey, serial_shops, nicolae_shop_hallway_stairs, uniq_psyche,
          uniq_nessos

Skill      XL: |  1  2  3  4  5  6  7  8  9 10 11 |
---------------+----------------------------------+-----
Fighting       | 1 2 3 4 6 7 |  7.9
Dodging        | 2 3 4 5 6 7 8 |  8.0
Unarmed Combat | 4 5 6 7 9 |  9.8
Shapeshifting  | 4 5 6 7 8 9 |  9.7
Throwing       | 2 |  2.8

Action                     |  1- 3 |  4- 6 |  7- 9 | 10-12 || total
---------------------------+-------+-------+-------+-------++-------
  Melee: Unarmed           |   102 |   134 |   252 |   343 ||   831
         Punch             |     4 |     5 |     7 |    13 ||    29
  Throw: Dart              |       |     1 |     1 |       ||     2
         Throwing net      |       |       |     2 |     1 ||     3
         Boomerang         |       |       |       |     2 ||     2
 Invoke: Sacrifice Durabil |     1 |       |       |       ||     1
         Reject Sacrifices |       |     1 |       |     1 ||     2
         Sacrifice Stealth |       |       |     1 |       ||     1
         Sacrifice Artific |       |       |       |     1 ||     1
  Evoke: Wand              |       |       |     2 |       ||     2
    Use: Scroll            |       |    10 |    10 |     4 ||    24
         Potion            |       |       |       |     5 ||     5
   Stab: Sleeping          |     2 |       |       |       ||     2
         Invisible         |       |       |       |     2 ||     2
 Armour: Animal skin       |    43 |    71 |       |       ||   114
         Robe              |       |    27 |   154 |       ||   181
         Skin              |       |       |     2 |       ||     2
         Acid dragon scale |       |       |       |   265 ||   265
  Dodge: Dodged            |    27 |    56 |    86 |   192 ||   361
   Form: Beast             |       |       |       |     1 ||     1
         Flux              |       |       |       |     1 ||     1

Table legend: (Time is in decaauts)
 A = Elapsed time spent in this place.
 B = Non-inter-level travel time spent in this place.
 C = Inter-level travel time spent in this place.
 D = Time resting spent in this place.
 E = Time spent auto-exploring this place.
 F = Levels seen in this place.
 G = Mean time per level.
                   A        B        C        D        E       F      G
               +--------+--------+--------+--------+--------+-----+--------+
         Total |   9263 |   8835 |    428 |    355 |   6688 |  13 |  712.5 |
       Dungeon |   8887 |   8459 |    428 |    310 |   6503 |  12 |  740.6 |
        Bailey |    375 |    375 |      0 |     45 |    185 |   1 |  375.0 |
               +--------+--------+--------+--------+--------+-----+--------+

Top non-repeatable levels by time:
     D:9: 1108 daAuts
     D:8: 999 daAuts
     D:5: 942 daAuts
    D:11: 854 daAuts
     D:6: 823 daAuts
     D:2: 815 daAuts
    D:10: 755 daAuts
     D:7: 675 daAuts
     D:1: 660 daAuts
     D:3: 628 daAuts
  Bailey: 375 daAuts
     D:4: 371 daAuts
    D:12: 251 daAuts
